Construct Infanterie Kompanie
Selects Italian Coastal Battlegroup
Selects Artillery Officer
Construct Panzergrenadier Kompanie
Selects Designate Defensive Line
Selects Designated Artillery Overwatch
Pak 40 Anti-tank Gun Team
Construct Panzer Kompanie
Designated Artillery Overwatch
Pak 40 Anti-tank Gun Team
Designated Artillery Overwatch
Designated Artillery Overwatch
Pak 40 Anti-tank Gun Team
Designated Artillery Overwatch
Pak 40 Anti-tank Gun Team
Pak 40 Anti-tank Gun Team